 Dungeon Crawl Stone Soup version 0.18.1-8-gdd0e5ea (webtiles) character file.

8472 Gagarin the Nimble (level 11, -1/97 HPs)
             Began as a Minotaur Gladiator on May 31, 2016.
             Was a Believer of the Shining One.
             Slain by a four-headed hydra (8 damage)
             ... on level 1 of the Lair of Beasts.
             The game lasted 00:36:48 (10971 turns).

Gagarin the Nimble (Minotaur Gladiator)            Turns: 10971, Time: 00:36:50

Health: -1/97      AC:  8    Str: 16    XL:     11   Next: 10%
Magic:  10/10      EV: 17    Int: 13    God:    the Shining One [**....]
Gold:   612        SH:  0    Dex: 10    Spells: 0 memorised, 10 levels left

rFire  . . .     SeeInvis +     H - +10 rapier "Bymewoed" {holy, +Blink Int+3 Dex-2}
rCold  . . .     Gourm    .     N - +0 steam dragon armour
rNeg   + . .     Faith    .     (no shield)
rPois  +         Spirit   .     c - +0 hat
rElec  .         Dismiss  .     A - +0 cloak
rCorr  .         Reflect  .     P - +0 pair of gloves
SustAt .         Harm     .     (no boots)
MR     +....                    d - amulet of regeneration
Stlth  +.........               K - ring "Naacziar" {rPois Str-5 Int+4 SInv}
                                n - ring of protection from magic

@: glowing, somewhat resistant to hostile enchantments, very unstealthy
A: retaliatory headbutt, horns 2
a: Divine Shield, Renounce Religion, Evoke Blink


You were on level 1 of the Lair of Beasts.
You worshipped the Shining One.
The Shining One was pleased with you.
You were hungry.

You visited 2 branches of the dungeon, and saw 10 of its levels.

You collected 693 gold pieces.
You spent 81 gold pieces at shops.

Inventory:

Hand Weapons
 a - a +0 long sword
 H - the +10 rapier "Bymewoed" (weapon) {holy, +Blink Int+3 Dex-2}
   (You found it on level 4 of the Dungeon)

   It has been blessed by the Shining One to cause great damage to the undead
   and demons.
   It affects your intelligence (+3).
   It affects your dexterity (-2).
   It lets you blink.
 M - a +2 shortbow of velocity
Missiles
 i - a javelin
 s - 123 arrows
 Z - a throwing net (quivered)
Armour
 c - a +0 hat (worn)
 A - a +0 cloak (worn)
 N - a +0 steam dragon armour (worn)
 P - a +0 pair of gloves (worn)
Jewellery
 d - an amulet of regeneration (around neck)
 l - an uncursed ring of resist corrosion
 n - a ring of protection from magic (left hand)
 K - the ring "Naacziar" (right hand) {rPois Str-5 Int+4 SInv}
   (You found it on level 5 of the Dungeon)

   [ring of intelligence]

   It affects your strength (-5).
   It affects your intelligence (+4).
   It protects you from poison.
   It lets you see invisible.
 U - an uncursed ring of ice
Wands
 k - a wand of confusion (47/48)
 I - a wand of flame (19/48)
 J - a wand of acid (5/15)
 R - a wand of disintegration (6/24)
Scrolls
 e - a scroll of remove curse
 j - 4 scrolls of identify
 o - 5 scrolls of recharging
 v - 8 scrolls of teleportation
 w - a scroll of acquirement {unknown}
 x - a scroll of enchant armour {unknown}
 z - a scroll of immolation {unknown}
 B - 2 scrolls of enchant weapon {unknown}
 E - a scroll of amnesia
 G - 2 scrolls of fear
 O - a scroll of magic mapping
 V - a scroll of fog {unknown}
Potions
 b - a potion of experience {unknown}
 m - a potion of might {unknown}
 p - 3 potions of curing
 q - 6 potions of lignification
 r - 2 potions of berserk rage {unknown}
 t - a potion of heal wounds
 u - 3 potions of brilliance
 C - a potion of magic {unknown}
 D - 2 potions of cancellation {unknown}
 F - 3 potions of ambrosia
 Q - a potion of beneficial mutation {unknown}
 S - 2 potions of haste {unknown}
 W - a potion of agility {unknown}
Books
 y - a book of Unlife

   Spells                             Type                      Level
   a - Recall                         Summoning/Translocation      3
   b - Animate Dead                   Necromancy                   4
   c - Control Undead                 Necromancy                   4
   d - Cigotuvi's Embrace             Necromancy                   5
   e - Death Channel                  Necromancy                   6
   f - Simulacrum                     Ice/Necromancy               6
 L - a book of Spatial Translocations

   Spells                             Type                      Level
   a - Apportation                    Translocation                1
   b - Blink                          Translocation                2
   c - Shroud of Golubria             Charms/Translocation         2
   d - Portal Projectile              Translocation                3
   e - Teleport Other                 Translocation                3
   f - Passage of Golubria            Translocation                4
 T - a book of Callings

   Spells                             Type                      Level
   a - Summon Small Mammal            Summoning                    1
   b - Call Imp                       Summoning                    2
   c - Call Canine Familiar           Summoning                    3
   d - Summon Guardian Golem          Hexes/Summoning              3
   e - Summon Lightning Spire         Summoning/Air                4
   f - Summon Ice Beast               Ice/Summoning                4
Comestibles
 f - 11 bread rations
 g - 2 slices of pizza
 h - 7 meat rations
 Y - 5 fruits


   Skills:
 + Level 9.4 Fighting
 - Level 0.2(6.3) Short Blades
 * Level 10.9 Long Blades
 + Level 2.2 Bows
 + Level 2.4 Throwing
 + Level 5.0 Armour
 + Level 12.5 Dodging
 - Level 2.6 Stealth


You had 10 spell levels left.
You didn't know any spells.

Dungeon Overview and Level Annotations

Branches:
Dungeon (9/15)             Temple (0/1) D:7            Lair (1/8) D:9
    Orc: D:9-12

Altars:
Ashenzari
Cheibriados
Dithmenos
Elyvilon
Fedhas
Nemelex Xobeh
Sif Muna
Xom
Yredelemnul
Zin
The Shining One

Shops:
D:4 *

Annotations:
Lair:1 Sonja


Innate Abilities, Weirdness & Mutations

You reflexively headbutt those who attack you in melee.
You have a pair of horns on your head.


Message History

The acid corrodes the four-headed hydra!
The four-headed hydra is severely wounded.
This wand has 5 charges left.
The four-headed hydra bites you but does no damage.
The four-headed hydra closely misses you.
The four-headed hydra bites you.
* * * LOW HITPOINT WARNING * * *
The four-headed hydra closely misses you.
Evoke which item? (* to show all) (? for menu, Esc to quit)
Zapping:
R - a wand of disintegration (7/24)
Press: ? - help, Shift-Dir - straight line, f/p - four-headed hydra
Aim: a four-headed hydra (severely wounded, covered in acid, haloed, chance to defeat MR: 30%)
The four-headed hydra is blasted.
This wand has 6 charges left.
The four-headed hydra closely misses you.
The four-headed hydra bites you!
* * * LOW HITPOINT WARNING * * *
The four-headed hydra bites you.
* * * LOW HITPOINT WARNING * * *
The four-headed hydra bites you!
You die...

......................
........................
........................
#...................#.##
##...>............#.....
####'#'#.###.#....#....
###.....## ###....'....
##.#...#.# #....#...
.........# #..@.# ..
P#...8...# #...D#
##.......# #......
#........# ......#...
##......## .......##.##
..##..###.......... ...
..#.....#######.........
##.####..##.8.#..... ..
.#.............#.... ..#


You could see a four-headed hydra.

Vanquished Creatures
  Fannar (Lair:1)
  An unseen horror (D:9)
  A rime drake (Lair:1)
  2 komodo dragons (Lair:1)
  A spriggan (D:7)
  A basilisk (Lair:1)
  3 hippogriffs
  A warg (D:8)
  3 water moccasins
  4 orc warriors
  A porcupine (Lair:1)
  An ice beast (D:5)
  A sky beast (D:7)
  8 ogres
  2 black bears (D:7)
  5 necrophages
  2 phantoms
  A centaur (D:6)
  2 crocodiles (Lair:1)
  3 big kobolds
  4 giant frogs
  A water moccasin zombie (D:6)
  A scorpion (D:6)
  7 killer bees (D:7)
  2 wights (D:9)
  6 howler monkeys
  An electric eel (Lair:1)
  12 crimson imps
  A quasit (D:9)
  A giant frog zombie (D:9)
  6 hounds
  A jelly (D:8)
  6 orc priests
  A centaur skeleton (D:5)
  8 orc wizards
  3 giant frog skeletons
  5 worker ants
  6 iguanas
  A mummy (D:9)
  8 adders
  A howler monkey skeleton (D:7)
  A shadow imp (D:8)
  2 white imps (D:8)
  An ooze (D:2)
  An adder zombie (D:6)
  5 worms
  6 dart slugs
  A giant gecko (D:4)
  33 orcs
  8 ball pythons
  5 bats
  6 giant cockroaches
  9 goblins
  4 hobgoblins
  14 jackals
  A quokka (D:4)
  A giant gecko skeleton (D:4)
  4 giant newts
  22 kobolds
  11 rats
261 creatures vanquished.

Notes
Turn   | Place    | Note
--------------------------------------------------------------
     0 | D:1      | Gagarin the Minotaur Gladiator began the quest for the Orb.
     0 | D:1      | Reached XP level 1. HP: 18/18 MP: 0/0
   145 | D:1      | Reached XP level 2. HP: 25/25 MP: 1/1
   818 | D:2      | Found a sparkling altar of Nemelex Xobeh.
   859 | D:2      | Reached skill level 4 in Dodging
   859 | D:2      | Reached XP level 3. HP: 16/30 MP: 2/2
   929 | D:2      | Reached skill level 1 in Armour
  1246 | D:2      | Found a snail-covered altar of Cheibriados.
  1345 | D:2      | Found a deep blue altar of Sif Muna.
  1453 | D:2      | Reached XP level 4. HP: 37/37 MP: 3/3
  2179 | D:3      | Reached XP level 5. HP: 14/45 MP: 4/4
  2484 | D:3      | Found a blossoming altar of Fedhas.
  2578 | D:3      | Reached skill level 5 in Dodging
  2712 | D:4      | Noticed an ogre
  2738 | D:5      | Entered Level 5 of the Dungeon
  3246 | D:4      | Found a shattered altar of Ashenzari.
  3286 | D:4      | Reached XP level 6. HP: 49/51 MP: 5/5
  3292 | D:4      | Found Kuwn's Assorted Antiques.
  3568 | D:4      | Bought a potion of curing for 81 gold pieces
  3675 | D:4      | Reached skill level 5 in Long Blades
  3680 | D:4      | Found a shadowy altar of Dithmenos.
  3730 | D:4      | Reached skill level 6 in Dodging
  3730 | D:4      | Reached XP level 7. HP: 41/59 MP: 6/6
  3923 | D:4      | Got a slimy rapier
  3927 | D:4      | Identified the +10 rapier "Bymewoed" {holy, +Blink Int+3 Dex-2} (You found it on level 4 of the Dungeon)
  4590 | D:5      | Found a shimmering altar of Xom.
  4719 | D:5      | Reached skill level 1 in Stealth
  4719 | D:5      | Reached XP level 8. HP: 19/67 MP: 7/7
  4975 | D:5      | Reached skill level 7 in Dodging
  5367 | D:5      | Got a clouded marble ring
  5369 | D:5      | Identified the ring "Naacziar" {rPois Str-5 Int+4 SInv} (You found it on level 5 of the Dungeon)
  5423 | D:6      | Reached skill level 5 in Fighting
  5901 | D:6      | Found a basalt altar of Yredelemnul.
  5901 | D:6      | Found a glowing silver altar of Zin.
  5902 | D:6      | Found a white marble altar of Elyvilon.
  6066 | D:6      | Reached skill level 8 in Dodging
  6916 | D:7      | Reached XP level 9. HP: 52/75 MP: 8/8
  7128 | D:7      | Reached skill level 9 in Dodging
  7466 | D:7      | Reached skill level 1 in Bows
  7506 | D:7      | Reached skill level 5 in Armour
  7555 | D:7      | Found a glowing golden altar of the Shining One.
  7562 | D:7      | Became a worshipper of the Shining One
  7637 | D:7      | Found a staircase to the Ecumenical Temple.
  8242 | D:8      | Reached skill level 10 in Dodging
  8436 | D:8      | Reached XP level 10. HP: 73/88 MP: 9/9
  8712 | D:8      | Reached * piety under the Shining One
  8862 | D:9      | Noticed an unseen horror
  8872 | D:9      | Killed an unseen horror
  8872 | D:9      | Reached skill level 10 in Long Blades
  8873 | D:9      | Reached ** piety under the Shining One
  8875 | D:9      | Reached skill level 11 in Dodging
  9615 | D:9      | Found a staircase to the Lair.
  9625 | Lair:1   | Entered Level 1 of the Lair of Beasts
  9625 | Lair:1   | Noticed Fannar
  9653 | Lair:1   | Killed Fannar
  9653 | Lair:1   | Reached skill level 12 in Dodging
  9664 | Lair:1   | Noticed Sonja
 10377 | Lair:1   | Reached XP level 11. HP: 61/97 MP: 10/10
 10959 | Lair:1   | Noticed a four-headed hydra
 10971 | Lair:1   | Slain by a four-headed hydra

Skill      XL: |  1  2  3  4  5  6  7  8  9 10 |
---------------+-------------------------------+-----
Long Blades    | 4 5 6 8 9 10 | 10.9
Dodging        | 4 5 6 8 10 12 | 12.5
Armour         | 1 2 3 4 5 |  5.0
Fighting       | 3 4 6 7 9 |  9.4
Stealth        | 1 2 |  2.6
Bows           | 1 2 |  2.2
Short Blades   | |  0.2
Throwing       | |  2.4

Action                   |  1- 3 |  4- 6 |  7- 9 | 10-12 || total
-------------------------+-------+-------+-------+-------++-------
Melee: Long sword        |    59 |   149 |    41 |       ||   249
       Headbutt          |     7 |    19 |    47 |    28 ||   101
       Rapier            |       |       |   265 |   183 ||   448
 Fire: Shortbow          |       |       |     6 |     7 ||    13
Throw: Throwing net      |     1 |       |     1 |     2 ||     4
       Javelin           |       |       |       |     1 ||     1
Evoke: Wand              |       |       |     1 |     2 ||     3
  Use: Potion            |       |     3 |     1 |     2 ||     6
       Scroll            |       |     5 |     6 |     5 ||    16
 Stab: Sleeping          |       |       |     1 |       ||     1
       Held in net/web   |       |       |     1 |       ||     1
  Eat: Chunk             |     2 |     7 |    15 |     6 ||    30
       Beef jerky        |       |       |       |     1 ||     1
Armor: Leather armour    |    13 |    25 |    29 |       ||    67
       Steam dragon armo |       |       |    35 |    49 ||    84
Dodge: Dodged            |    45 |   111 |   223 |   155 ||   534
